 Dungeon Crawl Stone Soup version 0.31.0-11-ge490571c62 (webtiles) character file.

Game seed: 1291689580267793921

203 qw the Ducker (level 5, -7/27 HPs)
             Began as a Spriggan Hunter on Feb 3, 2024.
             Mangled by Maggie
             ... wielding a +1 glaive of distortion
              (22 damage)
             ... on level 6 of the Dungeon.
             The game lasted 00:00:04 (1467 turns).

qw the Ducker (Spriggan Hunter)                     Turns: 1467, Time: 00:00:05

Health: -7/27      AC:  2    Str:  7    XL:     5   Next: 51%
Magic:  6/6        EV: 21    Int: 10    God:
Gold:   111        SH:  0    Dex: 21    Spells: 4/4 levels left

rFire   + . .        a - +0 shortbow
rCold   . . .        (shield currently unavailable)
rNeg    . . .        c - +0 robe
rPois   .            (helmet restricted)
rElec   .            (no cloak)
rCorr   .            (gloves unavailable)
SInv    +            (boots unavailable)
Will    .....        (no amulet)
Stlth   ++           g - ring of protection from fire
HPRegen 0.24/turn    (no ring)
MPRegen 0.10/turn

%: no passive effects
@: mesmerised, very quick
A: very small, no large weapons, unfitting armour, see invisible, speed 3
a: no special abilities


You were on level 6 of the Dungeon.
You visited 1 branch of the dungeon, and saw 4 of its levels.

You collected 111 gold pieces.


Innate Abilities, Weirdness & Mutations

You are very small and have problems with some larger weapons.
You are too small for most types of armour.
You have supernaturally acute eyesight. (SInv)
You cover ground extremely quickly. (Speed+++)


   Skills:
 - Level 2.7 Fighting
 + Level 5.0 Ranged Weapons
 - Level 5.4 Dodging
 - Level 1.5 Stealth


You had 4 spell levels left.
You didn't know any spells.
Your spell library was empty.

Inventory:

Hand Weapons
 a - a +0 shortbow (weapon)
Armour
 c - a +0 robe (worn)
Jewellery
 d - a ring of fire
 g - a ring of protection from fire (left hand)
Potions
 b - 2 potions of resistance
 j - a potion of curing {unknown}

Dungeon Overview and Level Annotations

Branches:
Dungeon (3/15)

Altars:
Xom

Annotations:
D:6 Maggie


Message History

HP restored.
Found 7 stones.
Maggie the Vainglorious comes into view.
She is wielding a +1 glaive of distortion.
Found a runed hand axe.
You see here 11 gold pieces.
You shoot an arrow. The arrow hits Maggie.
Maggie shouts!
Maggie is lightly wounded.
An orc comes into view. It is wielding a +0 flail.
You shoot an arrow. The orc shouts!
The arrow hits Maggie but does no damage.
Maggie is lightly wounded.
You hear a shout! x2
Maggie mumbles some strange words.
Maggie attempts to bespell you!
You are mesmerised by Maggie!
An orc comes into view. It is wielding a +0 hand axe.
You shoot an arrow. The arrow hits Maggie!
Maggie is moderately wounded.
You shoot an arrow. The arrow barely misses Maggie.
The arrow closely misses the orc.
You shoot an arrow. The arrow completely misses Maggie.
The arrow hits the orc.
The orc is heavily wounded.
A centaur comes into view.
An orc priest comes into view. It is wielding a +0 hand axe.
1465 ||| RETREEEEATING.
Maggie barely misses you.
You shoot an arrow. The arrow hits Maggie!
Maggie is moderately wounded.
You hear a shout!
Maggie mumbles some strange words.
Maggie draws you further into her thrall.
You hear a shout!
You shoot an arrow. The arrow closely misses Maggie.
The orc priest calls down the wrath of Beogh upon you.
Beogh smites you!
Maggie hits you with a +1 glaive of distortion!!
Ouch! That really hurt!
You die...

#..# #....# #..#
#.###### ##..#
#.#~~~~#
##..)####.#~~~~#
#....)....'~~~~+
..
##.#######.#~~~~#
.... #.....#
#.#~~~~#
..ooo#.....#
#.###### #..@...#
### #.@.$..#
#.....(.#
#.#.....#
#..#.....# ...
......# ...
.......#
...........#
.....)...#


You could see Maggie (mesmerising), an orc priest and 2 orcs.

Vanquished Creatures
  A centaur (D:6)
  A scorpion (D:6)
  An adder (D:2)
  A dart slug (D:3)
  An orc (D:6)
  5 ball pythons
  4 bats
  3 endoplasms
  A giant cockroach (D:2)
  6 goblins
  5 hobgoblins
  4 jackals (D:1)
  5 kobolds
  3 quokkas
  2 frilled lizards
  2 rats (D:2)
45 creatures vanquished.

Notes
Turn   | Place    | Note
-------+----------+-------------------------------------------
     0 | D:1      | qw the Spriggan Hunter began the quest for the Orb.
     0 | D:1      | Reached XP level 1. HP: 10/10 MP: 2/2
     0 | D:1      | 0 ||| qw: Version: 0.3-a-158-g18b3111
     0 | D:1      | 0 ||| qw: Game counter: 4228
     0 | D:1      | 0 ||| qw: Melee chars always use a shield: true
     0 | D:1      | 0 ||| qw: God list: Okawaru
     0 | D:1      | 0 ||| qw: Allow faded altars: false
     0 | D:1      | 0 ||| qw: Do Orc after clearing Dungeon:15 true
     0 | D:1      | 0 ||| qw: Do second Lair branch before Depths: true
     0 | D:1      | 0 ||| qw: Lair rune preference: random
     0 | D:1      | 0 ||| qw: Goals: Normal
     0 | D:1      | 0 ||| PLANNING D:1-11
    38 | D:1      | Reached skill level 3 in Dodging
   120 | D:1      | Reached XP level 2. HP: 14/14 MP: 3/3
   334 | D:1      | Reached XP level 3. HP: 18/18 MP: 4/4
   774 | D:1      | 774 ||| READING 2 scrolls labelled QOWOID GAWOESO.
   778 | D:1      | 778 ||| READING scroll labelled BIOTHU LIEF.
   779 | D:1      | 779 ||| DROPPING scroll of butterflies.
   858 | D:2      | Found a shimmering altar of Xom.
  1255 | D:2      | 1255 ||| UPGRADING to ring of protection from fire.
  1256 | D:2      | 1256 ||| READING scroll labelled NUXOJI MEQEI.
  1256 | D:2      | 1256 ||| IDENTIFYING yellow potion
  1257 | D:2      | 1257 ||| READING scroll labelled NAOLIC JATWI.
  1358 | D:2      | 1358 ||| READING scroll labelled ITOAMEYFOA.
  1359 | D:2      | 1359 ||| DRINKING 3 viscous silvery potions.
  1381 | D:3      | You fall into a shaft and drop 3 floors!
  1397 | D:6      | Noticed a scorpion
  1402 | D:6      | Noticed a centaur
  1403 | D:6      | 1403 ||| RETREEEEATING.
  1404 | D:6      | 1404 ||| RETREEEEATING.
  1410 | D:6      | Killed a scorpion
  1411 | D:6      | Reached XP level 4. HP: 11/22 MP: 5/5
  1420 | D:6      | Killed a centaur
  1421 | D:6      | Reached XP level 5. HP: 11/27 MP: 6/6
  1421 | D:6      | HP: 5/27 [orc/+0 trident (6)]
  1422 | D:6      | 1422 ||| READING scroll of teleportation.
  1423 | D:6      | 1423 ||| DRINKING potion of heal wounds.
  1459 | D:6      | Noticed Maggie
  1464 | D:6      | Noticed a centaur
  1465 | D:6      | 1465 ||| RETREEEEATING.
  1467 | D:6      | Mangled by Maggie

Levels and vault maps discovered:
D:1:      dpeg_arrival_another_circle, layout_loops_ring, minmay_strange_pillars
D:2:      layout_basic, basic_altar
D:3:      layout_loops_corners, grunt_temple_overflow_gold_and_silver,
          nicolae_wu_jian_immortal_techniques,
          shapermc_ecumenical_altar_flowoftime, grunt_ministairs_15
D:6:      layout_basic, chequers_serial_rivers_room_b, uniq_maggie

Skill      XL: |  1  2  3  4 |
---------------+-------------+-----
Dodging        | 3 4 5 |  5.4
Ranged Weapons | 5 |  5.0
Fighting       | 2 |  2.7
Stealth        | |  1.5

Action                     |  1- 3 |  4- 6 || total
---------------------------+-------+-------++-------
   Fire: Shortbow          |    90 |    23 ||   113
    Use: Scroll            |     5 |     1 ||     6
         Potion            |     1 |     1 ||     2
 Armour: Robe              |     6 |     8 ||    14
  Dodge: Dodged            |    18 |    45 ||    63

Table legend:
 A = Non-vault XP
 B = Vault XP
 C = Vault XP percentage of total XP
 D = Non-vault monster count
 E = Vault monster count
 F = Vault count percentage of total count
                 A         B        C        D         E       F
            +---------+---------+-------+---------+---------+-------
      Total |     290 |       0 |   0.0 |      45 |       0 |   0.0
            +---------+---------+-------+---------+---------+-------
        D:1 |      46 |       0 |   0.0 |      24 |       0 |   0.0
        D:2 |      36 |       0 |   0.0 |      16 |       0 |   0.0
        D:3 |       6 |       0 |   0.0 |       2 |       0 |   0.0
        D:6 |     202 |       0 |   0.0 |       3 |       0 |   0.0
            +---------+---------+-------+---------+---------+-------
